 Dungeon Crawl Stone Soup version 0.31-a0-876-gfe8ebadbca (webtiles) character file.

Game seed: 5781485641508162139

781 BinkBink the Shield-Bearer (level 8, -7/62 HPs)
             Began as a Formicid Fighter on Oct 14, 2023.
             Was a Follower of Qazlal.
             Mangled by an ogre
             ... wielding a +0 giant club
              (10 damage)
             ... on level 5 of the Dungeon.
             The game lasted 00:06:10 (3819 turns).

BinkBink the Shield-Bearer (Formicid Fighter)       Turns: 3819, Time: 00:06:11

Health: -7/62      AC:  7    Str: 23    XL:     8   Next: 11%
Magic:  8/8        EV:  9    Int:  8    God:    Qazlal [*.....]
Gold:   145        SH:  7    Dex: 13    Spells: 7/7 levels left

rFire   . . .        a - +0 flail
rCold   . . .        c - +0 buckler
rNeg    . . .        b - +0 scale mail
rPois   .            (helmet unavailable)
rElec   .            (cloak currently unavailable)
rCorr   .            (gloves currently unavailable)
SInv    +            (boots currently unavailable)
Will    .....        (no amulet) Stlth
                     (no ring)
HPRegen 0.30/turn    (no ring)
MPRegen 0.11/turn

%: no passive effects
@: beast-form
A: beast (slay +1), permanent stasis, dig shafts and tunnels, antennae 3, four
strong arms
a: Dig, Shaft Self, Begin Untransformation, Renounce Religion


You were on level 5 of the Dungeon.
You worshipped Qazlal.
Qazlal was aware of your devotion.
You were a hulking beast.
You visited 1 branch of the dungeon, and saw 5 of its levels.

You collected 145 gold pieces.

Inventory:

Hand Weapons
 a - a +0 flail (weapon)
Missiles
 e - a throwing net
Armour
 b - a +0 scale mail (worn)
 c - a +0 buckler (worn)
Jewellery
 j - an amulet of guardian spirit
 p - a ring of resist corrosion
 r - a ring of flight
 u - a ring of wizardry
Talismans
 f - a beast talisman (active)
 s - a granite talisman
Wands
 m - a wand of mindburst (3)
Scrolls
 g - 9 scrolls of identify {unknown}
 k - a scroll of vulnerability {unknown}
 l - 5 scrolls of fog {unknown}
 n - a scroll of silence {unknown}
 o - 2 scrolls of teleportation {unknown}
 q - a scroll of noise {unknown}
 t - a scroll of torment {unknown}
 y - a scroll of enchant armour {unknown}
Potions
 d - a potion of might
 h - a potion of attraction {unknown}
 i - a potion of curing
 v - a potion of heal wounds {unknown}
 w - a potion of degeneration {unknown}
 x - a potion of enlightenment {unknown}


   Skills:
 + Level 5.0 Fighting
 * Level 5.3 Maces & Flails
 + Level 5.0 Armour
 + Level 5.9 Shields
 + Level 3.0 Shapeshifting


You had 7 spell levels left.
You didn't know any spells.
Your spell library contained the following spells:

 Spells                   Type           Power      Damage    Failure   Level
 Shock                    Conj/Air       0%         1d3       77%         1
 Wereblood                Tmut           0%         N/A       88%         2
 Ozocubu's Armour         Ice            0%         N/A       98%         3
 Airstrike                Air            0%         2d(0-16)  100%        4
 Irradiate                Conj/Tmut      0%         3d11      100%        5
 Ozocubu's Refrigeration  Ice            0%         4d7       100%        7
 Swiftness                Air            Unusable   N/A       N/A         3

Dungeon Overview and Level Annotations

Branches:
Dungeon (5/15)
 Temple: D:4-7

Altars:
Cheibriados
Fedhas
Qazlal
Sif Muna
Trog

Shops:
D:4 *

Annotations:
D:3 3 runed translucent doors, Talonman3's ghost, weakling DrCj


Innate Abilities, Weirdness & Mutations

You are a hulking beast.
Your limbs bulge with bestial killing power. (Slay +1)
You cannot be hasted, slowed, berserked, paralysed or teleported.
You can dig through walls and to a lower floor.
You have a pair of large antennae on your head. (SInv)
Your four strong arms can wield two-handed weapons with a shield.


Message History

The hound attacks as it pursues you! The hound bites you.
The hound bites you but does no damage.
You see here a quokka corpse.
You sock the hound!
The hound is severely wounded.
The hound bites you. You block the hound's attack.
You closely miss the hound.
The hound is severely wounded.
The hound bites you. The hound closely misses you.
You hit the hound.
The hound is almost dead.
The hound bites you.
You hit the hound.
You kill the hound!
Qazlal accepts your kill.
Your Shapeshifting skill increases to level 3!
You hit the ogre.
The ogre is moderately wounded.
The ogre hits you with a +0 giant club!!
You barely miss the ogre.
The ogre is moderately wounded.
The ogre hits you with a +0 giant club!
* * * LOW HITPOINT WARNING * * *
You hit the ogre.
The ogre is moderately wounded.
You block the ogre's attack.
Unknown command.
You hit the ogre.
The ogre is moderately wounded.
You sock the ogre!
The ogre is severely wounded.
The ogre hits you with a +0 giant club!
* * * LOW HITPOINT WARNING * * *
You barely miss the ogre.
The ogre is severely wounded.
The ogre closely misses you.
You sock the ogre!
The ogre is almost dead.
The ogre hits you with a +0 giant club!
You die...

...............#.##.############
...............#.##............#
...............# #############.#
...............# )........####.#
......)........# ########.#<...#
...............# #......#
...............# #.####.#
...............#####.# #....#.#
...............Oh....# #....#.#
...............####### {######.#
...............#### #.#
....................# #.#
...............####.# #.#
....)..........# #.#
...............#
...............#
...............#


You could see an ogre.

Vanquished Creatures
  A water moccasin (D:5)
  An ice beast (D:4)
  A phantom (D:5)
  2 scorpions
  A howler monkey (D:4)
  An orc priest (D:3)
  3 hounds (D:5)
  An iron imp (D:4)
  Jessica (D:2)
  An iguana (D:4)
  7 gnolls (D:4)
  An adder (D:4)
  3 dart slugs
  2 worms
  10 orcs
  5 ball pythons
  3 endoplasms
  A giant cockroach (D:2)
  4 goblins
  7 hobgoblins
  6 jackals
  A quokka (D:5)
  5 bats
  4 frilled lizards
  5 kobolds
  4 rats
81 creatures vanquished.

Vanquished Creatures (others)
  A kobold (D:1)
  A rat (D:1)
2 creatures vanquished.

Grand Total: 83 creatures vanquished

Notes
Turn   | Place    | Note
-------+----------+-------------------------------------------
     0 | D:1      | BinkBink the Formicid Fighter began the quest for the Orb.
     0 | D:1      | Reached XP level 1. HP: 18/18 MP: 1/1
   270 | D:1      | Reached XP level 2. HP: 24/24 MP: 2/2
  1096 | D:2      | Noticed Jessica
  1126 | D:1      | Reached XP level 3. HP: 17/29 MP: 3/3
  1188 | D:2      | Killed Jessica
  1189 | D:2      | Reached XP level 4. HP: 37/37 MP: 4/4
  1288 | D:2      | Reached skill level 1 in Shapeshifting
  1635 | D:3      | Found a runed translucent gate.
  1635 | D:3      | Noticed Talonman3's ghost (weakling DrCj)
  1636 | D:3      | Found a runed translucent gate.
  1636 | D:3      | Found a runed translucent gate.
  1844 | D:3      | Reached XP level 5. HP: 41/42 MP: 5/5
  1861 | D:3      | Found a shimmering blue altar of Sif Muna.
  1863 | D:3      | Found a stormy altar of Qazlal.
  1863 | D:3      | Found a bloodstained altar of Trog.
  1867 | D:3      | Became a worshipper of Qazlal Stormbringer
  2282 | D:4      | Found a blossoming altar of Fedhas.
  2285 | D:4      | Noticed an ice beast
  2326 | D:4      | Found Tyud's Elemental Accessories.
  2412 | D:4      | Killed an ice beast
  2413 | D:4      | Reached XP level 6. HP: 48/48 MP: 6/6
  2426 | D:4      | Reached skill level 5 in Shields
  2634 | D:4      | Reached XP level 7. HP: 41/55 MP: 7/7
  3057 | D:4      | Found a snail-covered altar of Cheibriados.
  3067 | D:4      | Reached * piety under Qazlal
  3318 | D:5      | Entered Level 5 of the Dungeon
  3573 | D:5      | Reached skill level 5 in Maces & Flails
  3596 | D:5      | Noticed a water moccasin
  3636 | D:5      | Killed a water moccasin
  3637 | D:5      | Reached skill level 5 in Fighting
  3637 | D:5      | Reached skill level 5 in Armour
  3637 | D:5      | Reached XP level 8. HP: 20/62 MP: 8/8
  3817 | D:5      | HP: 2/62 [ogre/+0 giant club (10)]
  3819 | D:5      | Mangled by an ogre

Illustrated notes

Levels and vault maps discovered:
D:1:      minmay_arrival_stair_chambers, layout_loops_ring, lemuel_flame_loot_1
D:2:      layout_rooms, uniq_jessica
D:3:      layout_loops_ring, grunt_temple_overflow_diamond,
          ebering_ghost_rock_garden
D:4:      layout_loops_ring, mainiacjoe_overflow_small_starburst, slow_altar_2,
          nicolae_elemental_shop, roderic_filled_cross, amcnicky_mini_pool_small
D:5:      layout_basic, dreamdust_wishing_well, hex_medium

Skill      XL: |  1  2  3  4  5  6  7  8 |
---------------+-------------------------+-----
Maces & Flails | 3 4 5 |  5.3
Shapeshifting  | 1 2 3 |  3.0
Armour         | 4 5 |  5.0
Fighting       | 4 5 |  5.0
Shields        | 5 |  5.9

Action                     |  1- 3 |  4- 6 |  7- 9 || total
---------------------------+-------+-------+-------++-------
  Melee: Flail             |    72 |   143 |    91 ||   306
    Use: Potion            |       |       |     3 ||     3
 Armour: Scale mail        |    47 |   104 |    70 ||   221
  Dodge: Dodged            |    37 |    67 |    38 ||   142
  Block: Buckler           |    14 |    46 |    27 ||    87
   Form: Beast             |     1 |       |       ||     1

Table legend: (Time is in decaauts)
 A = Elapsed time spent in this place.
 B = Non-inter-level travel time spent in this place.
 C = Inter-level travel time spent in this place.
 D = Time resting spent in this place.
 E = Time spent auto-exploring this place.
 F = Levels seen in this place.
 G = Mean time per level.
                   A        B        C        D        E       F      G
               +--------+--------+--------+--------+--------+-----+--------+
         Total |   3899 |   3757 |    142 |    447 |   2593 |   5 |  779.8 |
       Dungeon |   3899 |   3757 |    142 |    447 |   2593 |   5 |  779.8 |
               +--------+--------+--------+--------+--------+-----+--------+

Top non-repeatable levels by time:
     D:1: 1124 daAuts
     D:4: 1014 daAuts
     D:3: 824 daAuts
     D:5: 510 daAuts
     D:2: 424 daAuts
